Map: Corrosion EC

Players

zuka - Winner!

  • Race: Protoss Protoss
  • League: Master
  • Spawn Location: 11:00

Indoff

  • Race: Terran Terran
  • League: Master
  • Spawn Location: 5:00

VOD

Have the link to the VOD?

Description

Time

  • Played on: Aug. 18, 2018, 4:59 a.m.
  • Length: 7:35
Show
View Real Time Build Order
Export as new Build Order

zuka Protoss - Winner!

Build Orders: 1 Gate Expand, Dark Templar Rush 

Get SALT Encoding   

  12  0:01  Probe  
  13  0:13  Probe  
  14  0:19  Pylon  
  14  0:22  Probe  
  15  0:33  Probe  
  15  0:40  Gateway  
  16  0:45  Probe  
  16  0:48  Assimilator  
  17  0:56  Probe  
  18  1:02  Pylon  
  18  1:04  Probe  
  19  1:12  Probe  
  20  1:28  Nexus  
  20  1:43  Cybernetics Core  
  20  1:46  Probe  
  21  1:51  Assimilator  
  21  1:57  Pylon  
  21  1:58  Probe  
  22  2:10  Probe, Stalker  
  23  2:21  Warp Gate  
  23  2:22  Probe  
  25  2:30  Twilight Council  
  25  2:34  Probe  
  26  2:40  Stalker  
  26  2:41  Probe  
  29  2:46  Probe  
  30  2:53  Probe  
  31  2:58  Probe  
  32  3:05  Probe  
  32  3:10  Probe  
  32  3:12  Robotics Facility  
  34  3:18  Stalker  
  36  3:20  Shield Battery  
  36  3:21  Probe  
  36  3:23  Probe  
  38  3:32  Probe  
  39  3:36  Probe  
  39  3:39  Dark Shrine  
  39  3:40  Probe  
  41  3:48  Probe  
  41  3:51  Warp Prism, Probe  
  41  3:52  Gateway  
  43  3:57  Assimilator  
  45  4:09  Pylon  
  45  4:12  Assimilator  
  45  4:16  Pylon  
  45  4:18  Shield Battery  
  45  4:28  Immortal  
  45  4:29  Pylon  
  45  4:30  Probe x2  
  51  4:42  Probe, Shadow Stride  
  52  4:47  Probe  
  52  4:52  Charge  
  53  4:54  Dark Templar  
  53  4:55  Dark Templar  
  57  5:05  Gateway  
  58  5:07  Probe  
  58  5:11  Pylon  
  58  5:21  Shield Battery  
  58  5:22  Warp Prism  
  56  5:34  Dark Templar x2  
  62  5:41  Gateway x2  
  62  5:44  Gateway  
  62  5:54  Probe, Pylon  
  64  6:03  Gateway  
  63  6:07  Dark Templar  
  63  6:08  Gateway, Dark Templar  
  67  6:12  Zealot  
  69  6:33  Dark Templar  
  69  6:38  Dark Templar  
  69  6:39  Zealot  
  75  6:40  Dark Templar x2  
  79  6:48  Pylon  
  69  6:57  Dark Templar  
  69  6:59  Zealot  
  73  7:07  Zealot  
  75  7:08  Zealot  
  75  7:10  Zealot x3  
  83  7:32  Zealot x2  
  83  7:33  Zealot x4  
Show
View Real Time Build Order
Export as new Build Order

Indoff Terran 

Build Orders: Reaper Expand, MMM Bio 

Get SALT Encoding   

  12  0:00  SCV  
  13  0:13  SCV  
  14  0:17  Supply Depot  
  14  0:25  SCV  
  15  0:39  SCV, Barracks  
  16  0:44  Refinery  
  16  0:51  SCV  
  17  1:03  SCV  
  18  1:15  SCV  
  19  1:27  Orbital Command, Reaper  
  20  1:42  Command Center  
  20  1:53  SCV  
  21  1:58  Barracks  
  21  2:07  Supply Depot, Barracks Reactor  
  21  2:10  SCV  
  22  2:23  SCV  
  22  2:27  Barracks  
  23  2:36  Engineering Bay  
  23  2:38  SCV  
  23  2:43  Marine  
  23  2:44  Marine  
  26  2:45  Barracks Tech Lab  
  26  2:50  SCV  
  27  2:55  Orbital Command  
  27  3:08  Marine x2  
  27  3:10  Stimpack, Marine  
  30  3:13  Terran Infantry Weapons Level 1  
  30  3:16  SCV  
  31  3:21  Barracks Tech Lab  
  31  3:26  Marine  
  31  3:27  SCV  
  33  3:28  SCV  
  34  3:39  Marine x3  
  34  3:40  SCV x2  
  38  3:47  Marine  
  39  3:52  SCV  
  39  3:54  Combat Shield, SCV  
  41  3:56  Marine  
  41  3:57  Marine x2  
  41  4:01  Missile Turret  
  43  4:03  Missile Turret  
  43  4:04  SCV  
  43  4:05  Marine  
  43  4:06  SCV  
  46  4:10  Supply Depot  
  46  4:15  Supply Depot  
  46  4:22  Refinery  
  46  4:24  Supply Depot  
  46  4:32  Refinery, SCV x2, Marine x2  
  46  4:37  Factory  
  50  4:44  SCV x2  
  52  4:47  Marine  
  52  4:50  Marine x2  
  55  4:56  SCV  
  56  5:00  SCV  
  56  5:02  Marine  
  56  5:05  Marine  
  59  5:07  Supply Depot  
  59  5:08  SCV, Marine x2  
  59  5:10  Command Center  
  61  5:17  SCV  
  60  5:37  SCV x2  
  62  5:43  Barracks Tech Lab  
  62  5:49  SCV  
  64  5:50  SCV  
  64  5:52  Refinery  
  64  5:54  Supply Depot  
  64  5:55  Marine x3  
  64  5:56  Concussive Shells  
  67  5:58  Starport  
  67  5:59  Factory Reactor  
  67  6:02  SCV x2  
  69  6:05  Marine  
  70  6:14  SCV  
  70  6:16  SCV  
  72  6:22  Orbital Command  
  72  6:24  Missile Turret  
  72  6:26  SCV  
  72  6:27  Supply Depot  
  72  6:28  Supply Depot, SCV  
  74  6:36  Barracks  
  74  6:38  SCV  
  74  6:39  Barracks  
  75  6:41  SCV  
  75  6:42  Factory Reactor  
  75  6:44  Medivac  
  64  6:56  Marine  
  64  6:57  Marauder x2  
  62  7:01  SCV  
  62  7:03  Bunker, SCV  
  62  7:04  Bunker  
  64  7:14  Armory  
  64  7:15  Marine  
  64  7:19  SCV  
Tags
 
Add a new tag
Caveats
  • Supply blocks, unpowered buildings, or Contaminate may cause inaccurate times.
  • Supply counts are checked every 10 seconds.